 Dungeon Crawl Stone Soup version 0.30-a0-782-ge64f9170bb (webtiles) character file.

Game seed: 8300708836925525216

4 Jane the Ducker (level 1, 0/10 HPs)
             Began as a Felid Berserker on Feb 21, 2023.
             Was a Follower of Trog.
             Constricted to death by a ball python (1 damage)
             ... on level 1 of the Dungeon.
             The game lasted 00:02:48 (147 turns).

Jane the Ducker (Felid Berserker)                    Turns: 147, Time: 00:02:49

Health: 0/10       AC:  1    Str: 13    XL:     1   Next: 58%
Magic:  2/2        EV: 15    Int:  8    God:    Trog [*.....]
Gold:   12         SH:  0    Dex: 15    Spells: 0/0 levels left
                                        Lives:  0   Deaths: 0

rFire   . . .      SeeInvis +      - Unarmed
rCold   . . .      Faith    .    (shield unavailable)
rNeg    . . .      Spirit   .    (body armour unavailable)
rPois   .          Reflect  .    (helmet unavailable)
rElec   .          Harm     .    (cloak unavailable)
rCorr   .          Rampage  .    (gloves unavailable)
Will    +....                    (boots unavailable)
Stlth   +                        (no amulet)
HPRegen 0.21/turn                a - ring of willpower
MPRegen 0.08/turn                (no ring)

@: constricted, quick
A: very small, claws 1, fangs 3, see invisible, speed 1, shaggy fur 1, stealthy
paws, no weapons or thrown items, no armour, multi-lived
a: Renounce Religion, Berserk


You were on level 1 of the Dungeon.
You worshipped Trog.
Trog was aware of your devotion.
You visited 1 branch of the dungeon, and saw 1 of its levels.

You collected 12 gold pieces.

Inventory:

Jewellery
 a - a ring of willpower (left paw)


   Skills:
 + Level 3.1 Fighting
 + Level 4.1 Dodging
 + Level 3.1 Unarmed Combat


You couldn't memorise any spells.
You didn't know any spells.
Your spell library was empty.

Dungeon Overview and Level Annotations

Branches:
Dungeon (1/15)

Altars:


Innate Abilities, Weirdness & Mutations

You have sharp claws.
You have razor-sharp teeth.
You have supernaturally acute eyesight. (SInv)
You cover ground quickly. (Speed+)
You are covered in fur. (AC +1)
Your paws help you pounce on unaware monsters.
You are incapable of wielding weapons or throwing items.
You cannot wear armour.
You gain extra lives every three experience levels.


Message History

A rat and a bat come into view.
An endoplasm comes into view.
The endoplasm quivers. 2 ball pythons come into view.
The ball python hisses angrily.
The bat closely misses you.
You see here 5 poisoned darts.
You barely miss the bat.
The ball python hisses angrily.
The bat completely misses you. The bat hits you but does no damage.
The rat misses you. The ball python bites you. The ball python misses you.
You scratch the rat.
You kill the rat!
Trog accepts your kill. The bat hits you but does no damage.
The ball python completely misses you. The ball python barely misses you.
You scratch the bat.
You kill the bat!
Trog accepts your kill. The ball python closely misses you.
The ball python misses you. The ball python closely misses you.
The ball python completely misses you.
You scratch the ball python.
You kill the ball python!
Trog accepts your kill. The ball python closely misses you.
The ball python grabs you. The ball python constricts you.
You barely miss the endoplasm. The ball python bites you.
The ball python constricts you. The endoplasm freezes you.
You are frozen.
* * * LOW HITPOINT WARNING * * *
The ball python misses you. The ball python constricts you.
* * * LOW HITPOINT WARNING * * *
You completely miss the endoplasm. The endoplasm misses you.
The ball python barely misses you. The ball python constricts you.
* * * LOW HITPOINT WARNING * * *
You completely miss the endoplasm. The ball python closely misses you.
The ball python constricts you.
You die...

#.#.# #.#.# #
#.#.# #. #.#.#
####.#####.#.#
........#..#.#
.....#..#.#.#
#....S...#
.#.@J.(.#
#.#.#..#
#.#.#..#
#.#.#..#
#.#.#.S#
#.#.#...
#........
#.##.....


You could see an endoplasm and a ball python.

Vanquished Creatures
  A giant cockroach (D:1)
  A hobgoblin (D:1)
  A ball python (D:1)
  A bat (D:1)
  A rat (D:1)
5 creatures vanquished.

Notes
Turn   | Place    | Note
-------+----------+-------------------------------------------
     0 | D:1      | Jane the Felid Berserker began the quest for the Orb.
     0 | D:1      | Reached XP level 1. HP: 10/10 MP: 2/2
   147 | D:1      | Constricted to death by a ball python

Illustrated notes

Levels and vault maps discovered:
D:1:      psy_arrival_heroes, layout_loops_ring, minmay_misc_feat_roman,
          minmay_octomino_c4

Action                     || total
---------------------------++-------
  Melee: Unarmed           ||    10
         Bite              ||     1
 Armour: Skin              ||     2
  Dodge: Dodged            ||    18

Table legend: (Time is in decaauts)
 A = Elapsed time spent in this place.
 B = Non-inter-level travel time spent in this place.
 C = Inter-level travel time spent in this place.
 D = Time resting spent in this place.
 E = Time spent auto-exploring this place.
 F = Levels seen in this place.
 G = Mean time per level.
                   A        B        C        D        E       F      G
               +--------+--------+--------+--------+--------+-----+--------+
         Total |    119 |    115 |      4 |      0 |      0 |   1 |  119.0 |
       Dungeon |    119 |    115 |      4 |      0 |      0 |   1 |  119.0 |
               +--------+--------+--------+--------+--------+-----+--------+

Top non-repeatable levels by time:
     D:1: 119 daAuts
